 Dungeon Crawl Stone Soup version 0.31-a0-369-g8eba5f6939 (webtiles) character file.

Game seed: 5240331794205454667

399 pokeman the Magician (level 6, 0/34 HPs)
             Began as a Deep Elf Hedge Wizard on July 29, 2023.
             Slain by a river rat (7 damage)
             ... on level 4 of the Dungeon.
             The game lasted 00:07:48 (4306 turns).

pokeman the Magician (Deep Elf Hedge Wizard)        Turns: 4306, Time: 00:07:48

Health: 0/34       AC:  5    Str:  7    XL:     6   Next: 54%
Magic:  18/18      EV:  9    Int: 21    God:
Gold:   238        SH:  0    Dex: 14    Spells: 11/19 levels left

rFire   + . .        o - +1 club (spect)
rCold   . . .        (no shield)
rNeg    . . .        k - +2 leather armour {rF+}
rPois   .            c - +0 hat
rElec   .            (no cloak)
rCorr   .            (no gloves)
SInv    .            (no boots)
Will    .....        a - amulet of regeneration
Stlth   +            (no ring)
HPRegen 1.05/turn    (no ring)
MPRegen 0.16/turn

%: no passive effects
@: constricted, very slow
A: no striking features
a: no special abilities


You were on level 4 of the Dungeon.
You visited 1 branch of the dungeon, and saw 5 of its levels.

You collected 238 gold pieces.

Inventory:

Hand Weapons
 o - a +1 spectral club (weapon)
Armour
 c - a +0 hat (worn)
 i - a +0 ring mail of poison resistance
 k - a +2 leather armour of fire resistance (worn)
Jewellery
 a - an amulet of regeneration (around neck)
Scrolls
 b - 2 scrolls of fear {unknown}
 e - 3 scrolls of teleportation {unknown}
 g - 4 scrolls of identify {unknown}
 j - a scroll of vulnerability {unknown}
 l - a scroll of noise {unknown}
 p - a scroll of enchant weapon {unknown}
 q - a scroll of enchant armour {unknown}
Potions
 d - a potion of magic
 f - a potion of berserk rage {unknown}
 h - a potion of lignification {unknown}
 m - a potion of curing {unknown}
 n - 2 potions of enlightenment {unknown}


   Skills:
 - Level 1.0 Fighting
 - Level 1.0 Armour
 - Level 3.1 Dodging
 - Level 3.2 Stealth
 * Level 7.3 Spellcasting
 + Level 3.4 Conjurations
 - Level 1.1 Summonings
 - Level 1.1 Translocations
 - Level 1.2 Air Magic
 - Level 1.4 Poison Magic


You had 11 spell levels left.
You knew the following spells:

 Your Spells              Type           Power      Damage    Failure   Level
a - Magic Dart            Conj           88%        1d7       3%          1
b - Mephitic Cloud        Conj/Pois/Air  16%        N/A       16%         3
c - Call Imp              Summ           24%        N/A       12%         2
d - Blink                 Tloc           24%        N/A       12%         2

Your spell library contained the following spells:

 Spells                   Type           Power      Damage    Failure   Level
 Slow                     Hex            28%        N/A       12%         1
 Cigotuvi's Dreadful Rot  Necr/Pois/Air  22%        N/A       13%         2


Dungeon Overview and Level Annotations

Branches:
Dungeon (5/15)             Temple (0/1) D:4

Altars:
Ru
Xom

Shops:
D:2 =(

Portals:
Sewer: D:4


Message History

You feel sick.
The quokka barely misses your cerulean imp.
Your cerulean imp hits the quokka with a -3 spear.
The quokka dies!
Found 19 gold pieces.
You feel sick.
The orc wizard hits your cerulean imp with a +0 dagger.
You feel sick.
You are no longer poisoned.
The orc wizard casts a spell at you.
The puff of flame hits your cerulean imp!
Your cerulean imp dies!
Your cerulean imp disappears in a puff of smoke!
A worm, a ball python, 2 river rats and a rat come into view.
A river rat and a rat come into view.
Found a glowing drain.
You hear the rapid rusting of a drain.
The rat closely misses you.
You enter the shallow water.
Moving in this stuff is going to be slow.
The river rat closely misses you. The rat bites you but does no damage.
The river rat closely misses you. The rat bites you but does no damage.
Your unstable footing causes you to fumble your attack.
The river rat bites you! The river rat closely misses you.
The ball python closely misses you. The ball python grabs you.
The ball python constricts you. The rat closely misses you.
The rat bites you but does no damage. The river rat bites you.
The river rat barely misses you. The worm bites you!
You escape the ball python's grasp.
The ball python bites you. The ball python barely misses you.
The river rat closely misses you. The river rat bites you.
* * * LOW HITPOINT WARNING * * *
The ball python bites you but does no damage.
The ball python barely misses you.
The worm splashes around in the water.
The river rat attacks as you move away!
The river rat bites you but does no damage.
The ball python bites you but does no damage.
The ball python grabs you. The ball python constricts you.
The river rat bites you!
You die...

########
#∩@r~~.#
#rwSr~.#
#~~r~..#
#~~r...#
#......#
###.#..#
#...##
###.#
#.#


You could see a worm, 3 river rats, a ball python and 2 rats.

Vanquished Creatures
  A black bear (D:5)
  2 hounds (D:4)
  2 jellies
  Jessica (D:3)
  An iguana (D:5)
  A gnoll (D:1)
  6 adders
  2 worms
  A dart slug (D:1)
  12 ball pythons
  4 bats
  8 endoplasms
  3 giant cockroaches
  5 goblins
  A hobgoblin (D:1)
  6 jackals
  3 quokkas (D:1)
  5 frilled lizards
  2 kobolds (D:2)
  2 rats (D:1)
68 creatures vanquished.

Vanquished Creatures (collateral kills)
  A worm (D:2)
  A quokka (D:4)
2 creatures vanquished.

Grand Total: 70 creatures vanquished

Notes
Turn   | Place    | Note
-------+----------+-------------------------------------------
     0 | D:1      | pokeman the Deep Elf Hedge Wizard began the quest for the
                  | Orb.
     0 | D:1      | Reached XP level 1. HP: 10/10 MP: 7/7
   393 | D:1      | Found a faded altar of an unknown god.
   457 | D:1      | Reached XP level 2. HP: 16/16 MP: 5/9
   903 | D:1      | Reached skill level 5 in Spellcasting
   903 | D:1      | Reached XP level 3. HP: 6/20 MP: 1/11
   907 | D:1      | Learned a level 3 spell: Mephitic Cloud
   910 | D:1      | Learned a level 2 spell: Call Imp
   913 | D:1      | Learned a level 2 spell: Blink
  1172 | D:2      | Found Bang's One-of-a-Kind Rings.
  1230 | D:2      | Found Cizxoyxzoj's Antique Weapon Boutique.
  1511 | D:2      | Reached skill level 1 in Armour
  1597 | D:2      | Reached skill level 1 in Fighting
  2115 | D:2      | Reached XP level 4. HP: 25/25 MP: 11/13
  2593 | D:3      | Noticed Jessica
  2599 | D:3      | Killed Jessica
  2890 | D:3      | Reached skill level 6 in Spellcasting
  2890 | D:3      | Reached XP level 5. HP: 29/29 MP: 8/15
  3712 | D:4      | Found a sacrificial altar of Ru.
  3806 | D:4      | Found a shimmering altar of Xom.
  3808 | D:4      | You fall into a shaft and drop 1 floor!
  3808 | D:5      | Entered Level 5 of the Dungeon
  3888 | D:5      | Noticed a black bear
  3906 | D:5      | Killed a black bear
  3907 | D:5      | Reached skill level 1 in Air Magic
  3907 | D:5      | Reached skill level 1 in Poison Magic
  3907 | D:5      | Reached XP level 6. HP: 28/34 MP: 6/17
  4101 | D:4      | Reached skill level 7 in Spellcasting
  4218 | D:4      | Found a staircase to the Ecumenical Temple.
  4298 | D:4      | Found a glowing drain.
  4306 | D:4      | Slain by a river rat

Illustrated notes

Levels and vault maps discovered:
D:1:      dpeg_arrival_chambers_temple_mockup, layout_loops_ring,
          hellmonk_ecumenical_altar_blasted
D:2:      minmay_recursive_quarters, layout_basic, serial_shops,
          nicolae_shop_pleasant_corner_grove, nicolae_shop_unique_rings
D:3:      layout_loops_ring, serial_park_tiny_2, chequers_serial_rivers_large_a,
          minmay_misc_feat_alley, uniq_jessica
D:4:      layout_loops_cross, lemuel_crystal_altar, nicolae_ru_awakened_eye,
          minmay_temple_entry_ruins, portal_sewer_entry_b
D:5:      layout_basic, nicolae_wu_jian_wuxing_cycle

Skill      XL: |  1  2  3  4  5  6 |
---------------+-------------------+-----
Spellcasting   | 5 6 7 |  7.3
Armour         | 1 |  1.0
Fighting       | 1 |  1.0
Conjurations   | 2 3 |  3.4
Stealth        | 3 |  3.2
Dodging        | 3 |  3.1
Air Magic      | 1 |  1.2
Poison Magic   | 1 |  1.4
Summonings     | |  1.1
Translocations | |  1.1

Action                     |  1- 3 |  4- 6 || total
---------------------------+-------+-------++-------
  Melee: Dagger            |    14 |       ||    14
         Club              |       |    45 ||    45
   Cast: Magic Dart        |   107 |    73 ||   180
         Call Imp          |     1 |     3 ||     4
         Mephitic Cloud    |       |     5 ||     5
 Armour: Leather armour    |    11 |    34 ||    45
  Dodge: Dodged            |    23 |    81 ||   104

Table legend: (Time is in decaauts)
 A = Elapsed time spent in this place.
 B = Non-inter-level travel time spent in this place.
 C = Inter-level travel time spent in this place.
 D = Time resting spent in this place.
 E = Time spent auto-exploring this place.
 F = Levels seen in this place.
 G = Mean time per level.
                   A        B        C        D        E       F      G
               +--------+--------+--------+--------+--------+-----+--------+
         Total |   4335 |   4248 |     87 |      0 |   3344 |   5 |  867.0 |
       Dungeon |   4335 |   4248 |     87 |      0 |   3344 |   5 |  867.0 |
               +--------+--------+--------+--------+--------+-----+--------+

Top non-repeatable levels by time:
     D:2: 1423 daAuts
     D:1: 1169 daAuts
     D:3: 1129 daAuts
     D:4: 414 daAuts
     D:5: 199 daAuts
